 Dungeon Crawl Stone Soup version 0.31-a0-851-g7ff8af7976 (webtiles) character file.

Game seed: 5298588276786227096

643724 Joey1 the Conqueror (level 27, -13/409 HPs)
             Began as a Minotaur Berserker on Oct 6, 2023.
             Was the Champion of the Shining One.
             Mangled by a stone giant (30 damage)
             ... created by the rage of Trog
             ... on level 3 of the Tomb of the Ancients on Oct 7, 2023.
             The game lasted 04:35:52 (91727 turns).

Joey1 the Conqueror (Minotaur Berserker)           Turns: 91727, Time: 04:35:52

Health: -13/409    AC: 34    Str: 30    XL:     27
Magic:  39/39      EV:  2    Int: 15    God:    the Shining One [******]
Gold:   3563       SH: 30    Dex: 12    Spells: 26/26 levels left

rFire   + + +        H - +9 broad axe (holy)
rCold   + + .        Q - +8 tower shield {rC+}
rNeg    + + +        G - melded +6 plate armour "Caeplib" {Fly Int+3}
rPois   +            t - melded +0 hat "Jirip" {*Corrode Fly Str+7}
rElec   +            r - melded +2 cloak of the Villain {rElec rN++}
rCorr   +            e - melded +2 pair of gloves {Dex+3}
SInv    .            X - melded +2 pair of boots
Will    ++...        M - amulet "Naybbot" {Acrobat rF++ rC+ Int+2}
Stlth   +            I - ring of protection from fire
HPRegen 0.88/turn    i - ring "Ynaniwn" {rPois rC- rN+ Int+5 Stlth+}
MPRegen 0.26/turn

%: acrobat
@: tree-form (expiring), resistant (expiring), slowed, glowing, very slow
A: stationary, stasis, torment immunity, boosted hp, (horns 2), (retaliatory
headbutt)
}: 3/15 runes: serpentine, barnacled, silver
a: Renounce Religion, Divine Shield, Cleansing Flame, Summon Divine Warrior


You were on level 3 of the Tomb of the Ancients.
You worshipped the Shining One.
The Shining One was exalted by your worship.
You were a tree.
You visited 13 branches of the dungeon, and saw 52 of its levels.
You visited the Abyss 1 time.
You visited 1 bazaar.
You also visited: Sewer, Bailey, Gauntlet and Ice Cave.

You collected 6972 gold pieces.
You spent 3409 gold pieces at shops.

Inventory:

Hand Weapons
 H - a +9 broad axe of holy wrath (weapon)
Missiles
 D - 9 throwing nets
 P - 21 silver javelins
Armour
 e - a +2 pair of gloves of dexterity (melded)
 m - a +2 hat of intelligence
 r - the +2 cloak of the Villain (melded) {rElec rN++}
   (You found it on level 5 of the Vaults)

   rElec:     It insulates you from electricity.
   rN++:      It greatly protects you from negative energy.
 t - the +0 hat "Jirip" (melded) {*Corrode Fly Str+7}
   (You found it on level 1 of the Realm of Zot)

   Str+7:     It affects your strength (+7).
   Fly:       It grants you flight.
   *Corrode:  It may corrode you when you take damage.
 G - the +6 plate armour "Caeplib" (melded) {Fly Int+3}
   (You found it on level 2 of the Vaults)

   Int+3:     It affects your intelligence (+3).
   Fly:       It grants you flight.
 Q - a +8 tower shield of cold resistance (worn)
 X - a +2 pair of boots (melded)
Jewellery
 i - the ring "Ynaniwn" (right branch) {rPois rC- rN+ Int+5 Stlth+}
   (You took it off a skeletal warrior on level 3 of the Crypt)

   [ring of positive energy]

   Int+5:     It affects your intelligence (+5).
   rC-:       It makes you vulnerable to cold.
   rPois:     It protects you from poison rN+: It protects you from negative
   energy.
   Stlth+:    It makes you more stealthy.
 l - the ring of Summertime {rC+ rN+ Will+ Dex+2}
   (You took it off an ironbound convoker on level 5 of the Vaults)

   [ring of protection from cold]

   Dex+2:     It affects your dexterity (+2).
   rC+:       It protects you from cold.
   rN+:       It protects you from negative energy.
   Will+:     It increases your willpower.
 u - an amulet of reflection
 C - the amulet of the Eagle {Spirit rN+ Will+++ rCorr Dex-2}
   (You found it on level 3 of the Elven Halls)

   [amulet of guardian spirit]

   Spirit:    It causes incoming damage to be divided between your reserves of
   health and magic.
   Dex-2:     It affects your dexterity (-2).
   rN+:       It protects you from negative energy.
   Will+++:   It greatly increases your willpower.
   rCorr:     It protects you from acid and corrosion.
 E - a ring of willpower
 I - a ring of protection from fire (left branch)
 M - the amulet "Naybbot" (around neck) {Acrobat rF++ rC+ Int+2}
   (You found it on level 1 of the Shoals)

   [amulet of the acrobat]

   Acrobat:   It increases your evasion while moving and waiting.
   Int+2:     It affects your intelligence (+2).
   rF++:      It greatly protects you from fire.
   rC+:       It protects you from cold.
 T - the ring "Nososou" {Fly rElec rCorr}
   (You found it on level 1 of the Realm of Zot)

   [ring of resist corrosion]

   rElec:     It insulates you from electricity.
   Fly:       It grants you flight.
   rCorr:     It protects you from acid and corrosion.
Wands
 h - a wand of polymorph (42)
 y - a wand of iceblast (61)
 L - a wand of digging (18)
 S - a wand of charming (40)
 Z - a wand of quicksilver (54)
Scrolls
 a - 2 scrolls of summoning
 g - 9 scrolls of revelation
 k - 10 scrolls of teleportation
 n - 9 scrolls of vulnerability
 o - 8 scrolls of blinking
 v - 9 scrolls of poison
 w - 2 scrolls of silence
 K - 10 scrolls of fog
 O - 9 scrolls of immolation
 R - 13 scrolls of fear
 W - 7 scrolls of noise
Potions
 b - 3 potions of ambrosia
 c - 8 potions of attraction
 d - 5 potions of haste
 f - 8 potions of lignification
 j - 6 potions of magic
 p - 4 potions of heal wounds
 q - 18 potions of curing
 x - 2 potions of invisibility
 z - 7 potions of resistance
 A - 3 potions of berserk rage
 B - 8 potions of enlightenment
 J - 8 potions of mutation
 V - 4 potions of cancellation
 Y - 9 potions of might
Miscellaneous
 s - a box of beasts
 F - a phial of floods
 N - a lightning rod (4/4)
 U - a tin of tremorstones (2/2)


   Skills:
 O Level 27 Fighting
 - Level 21.9(22.0) Axes
 - Level 0.2(14.5) Polearms
 - Level 10.0 Throwing
 - Level 20.0 Armour
 + Level 12.9 Dodging
 - Level 23.0 Shields
 O Level 27 Invocations
 - Level 15.0 Evocations


You had 26 spell levels left.
You didn't know any spells.
Your spell library contained the following spells:

 Spells                   Type           Power      Damage    Failure   Level
 Lesser Beckoning         Tloc           0%         N/A       45%         2
 Poisonous Vapours        Pois/Air       0%         N/A       45%         2
 Gell's Gravitas          Tloc           0%         N/A       71%         3
 Hailstorm                Conj/Ice       0%         3d3       71%         3
 Ignite Poison            Fire/Tmut/Pois 0%         N/A       71%         3
 Mephitic Cloud           Conj/Pois/Air  0%         N/A       71%         3
 Ozocubu's Armour         Ice            0%         N/A       71%         3
 Teleport Other           Tloc           0%         N/A       71%         3
 Freezing Cloud           Conj/Ice/Air   0%         6-21      100%        5
 Metabolic Englaciation   Hex/Ice        0%         N/A       100%        5
 Ozocubu's Refrigeration  Ice            0%         4d7       100%        7


Dungeon Overview and Level Annotations

Branches:
Dungeon (15/15)            Temple (1/1) D:4            Lair (5/5) D:11
 Shoals (4/4) Lair:3        Snake (4/4) Lair:2        Slime (0/5) Lair:5
    Orc (2/2) D:9             Elf (3/3) Orc:2        Vaults (5/5) D:13
  Crypt (3/3) Vaults:2       Tomb (3/3) Crypt:3      Depths (4/4) D:15
   Hell (visited)             Zot (2/5) Depths:4      Sewer (visited)
 Bailey (visited)           IceCv (visited)         Gauntlet (visited)
    Dis: Hell:1         Geh: Hell:1         Coc: Hell:1         Tar: Hell:1

Altars:
Ashenzari
Cheibriados
Dithmenos
Elyvilon
Fedhas
Gozag
Hepliaklqana
Kikubaaqudgha
Makhleb
Nemelex Xobeh
Okawaru
Qazlal
Ru
Sif Muna
Trog
Uskayaw
Vehumet
Wu Jian
Xom
Yredelemnul
Zin
The Shining One

Shops:
Orc:1 =*?   Orc:2 :([*   Elf:1 [   Shoals:3 !   Vaults:3 *   Depths:1 ![
Depths:2 (   Depths:3 *   Depths:4 ?

Portals:
Hell: Depths:1 Depths:2 Depths:3 Depths:4
Abyss: Depths:3
Pandemonium: Depths:2 Depths:3
Ziggurat: Depths:2

Annotations:
Lair:5 exclusion: obsidian statue
Vaults:2 exclusion: orange crystal statue


Innate Abilities, Weirdness & Mutations

You are a tree.
Your roots penetrate the ground, keeping you stationary.
You cannot be teleported.
You are immune to unholy pain and torment.
Your maximum health is greatly increased.
Your equipment is partially melded.
((You have a pair of horns on your head.))
((You reflexively headbutt those who attack you in melee.))


Message History

The stone giant hits you.
The cyclops hits you but does no damage.
You hear a faint skittering sound. x2
You slash the stone giant!
The stone giant is almost dead.
You barely miss the deep troll. You slice the two-headed ogre!!
You slice the stone giant!! You hit the cyclops.
You hear a faint skittering sound. x2
The stone giant hits you!!!
* * * LOW HITPOINT WARNING * * *
You block the deep troll's attack. x3
The two-headed ogre hits you but does no damage.
The two-headed ogre barely misses you. You block the stone giant's attack.
The cyclops hits you.
* * * LOW HITPOINT WARNING * * *
The deep troll bites you.
* * * LOW HITPOINT WARNING * * *
The deep troll claws you!!
* * * LOW HITPOINT WARNING * * *
The deep troll claws you but does no damage.
The stone giant hits you!!
* * * LOW HITPOINT WARNING * * *
You block the stone giant's attack.
A death scarab comes into view.
You hear a faint skittering sound. x3
The death scarab's many legs skitter faintly.
You hear a faint skittering sound.
You feel much better.
You hear a faint skittering sound.
You hear a hideous shriek!
A death scarab comes into view.
You block the two-headed ogre's attack.
The two-headed ogre hits you but does no damage.
You block the stone giant's attack. The deep troll bites you!!
* * * LOW HITPOINT WARNING * * *
You block the deep troll's attack. x2; The stone giant hits you!!
* * * LOW HITPOINT WARNING * * *
The cyclops hits you!
* * * LOW HITPOINT WARNING * * *
The stone giant hits you!!
You die...

*,,,***,,,,,,,,,********,,,,,
*,,,,***,,,^,,,,,,,,,,,,,,,,,
**,,,.***,,,,,,,,,,,,,,,,,,,,
**,,...*,^,,,,,,,,,,,,,,,,,,
***##'##**,,,,,,,,,,,,,,,,*
**#....#*,,,,,,,,^,,,,,,,*
***,......#*,,,,,,,,,,,,,,**
*,^,....$.T##,,,.......,,**,
**,,,.....TO♣##,.B.......**<,
*,,,,......CCC##........#*,,,
*,,,,.......B†.##......#*,,,,
*,,,,.).......B##......#*,,,,
*,,,,$$$........#M9☼.9.#..,,,
*,,,,)$$........#..9...#..,,,
**,,,[:$.....$..'☼°.M.^+..^^,
**,,:)$?.......#.°....#..,,,
**,,:)$.○.....#......#..,,,


You could see 2 stone giants, a two-headed ogre (berserk), a deep troll
(berserk), a cyclops (berserk), a troll (berserk) and 2 death scarabs.

Vanquished Creatures
  7 dread liches
  Mennas (Vaults:4)
  2 ancient liches
  26 royal mummies
  Bai Suzhen (Depths:1)
  Margery (Vaults:4)
  Xtahua (Vaults:5)
  Vashnia (Snake:4)
  Geryon (Hell)
  Saint Roka (Depths:3)
  3 curse toes
  2 golden dragons (Vaults:5)
  A bone dragon (Depths:3)
  Nikola (Elf:2)
  Norris (Vaults:4)
  A profane servitor (Depths:1)
  An electric golem (Zot:2)
  3 hellephants (Depths:1)
  Rupert (D:12)
  12 tentacled monstrosities
  2 deep elf blademasters
  6 liches
  4 titans
  3 krakens
  5 searing wretches (Hell)
  2 death cobs (Zot:1)
  Polyphemus (Shoals:3)
  A deep elf master archer (Elf:3)
  5 quicksilver dragons
  7 sphinxes
  A sphinx (shapeshifter) (Depths:4)
  11 ancient champions
  A tentacled starspawn (Abyss:3)
  12 shadow dragons
  Donald (Vaults:2)
  7 storm dragons
  2 revenants
  Aizul (Lair:2)
  9 tengu reavers
  Roxanne (Elf:1)
  5 draconian monks (Zot:1)
  4 nagarajas
  3 draconian scorchers
  2 draconian knights
  14 vault wardens
  6 fire giants
  6 frost giants
  8 deep elf sorcerers
  2 iron dragons (Vaults:4)
  2 draconian shifters
  4 deep elf elementalists (Elf:3)
  Louise (D:14)
  A ghost moth (Abyss:3)
  2 curse skulls
  17 ironbound preservers
  19 stone giants
  4 orc warlords
  3 draconian annihilators
  5 war gargoyles
  2 reapers (Crypt:2)
  2 quicksilver oozes (Vaults:4)
  The ghost of Urgher the Cleaver, a journeyman DsMo of Makhleb (D:13)
  4 draconian stormcallers
  2 ghouls (Crypt:3)
  An ophan (Abyss:3)
  9 very ugly things
  8 ironbound thunderhulks
  2 juggernaut skeletons
  10 green draconians
  The ghost of bchevrier the Martial Artist, a journeyman GnWn of Hepliaklqana (D:15)
  11 deep elf demonologists
  4 formless jellyfish
  6 black draconians
  7 purple draconians
  A dire elephant (shapeshifter) (Vaults:5)
  2 bennus (Tomb:1)
  7 vampire knights
  16 dire elephants
  3 minotaurs
  7 red draconians
  8 deep elf annihilators
  4 spark wasps (Depths:2)
  7 white draconians
  6 yellow draconians
  The ghost of bahustanut the Bludgeoner, a journeyman OgGl of Okawaru (D:11)
  An iron golem (Depths:1)
  3 crystal guardians
  6 eidola
  6 merfolk impalers
  2 pearl dragon zombies (Depths:1)
  11 ettins
  27 mummy priests
  3 blizzard demons
  10 deep elf death magi
  2 merfolk javelineers
  12 yaktaur captains
  10 fire dragons
  Josephine (Lair:5)
  5 great orbs of eyes
  6 deep elf high priests
  30 vault guards
  A juggernaut simulacrum (Abyss:3)
  3 entropy weavers
  The ghost of MrSquiggles the Fighter, a journeyman KoFi of Okawaru (D:12)
  6 jiangshi
  2 spriggan zombies
  2 rakshasas
  3 salamander tyrants
  13 anacondas
  9 ice dragons
  3 spriggan air magi
  6 peacekeepers
  3 ogre magi
  A sphinx zombie (Crypt:2)
  14 centaur warriors
  11 ironbound frosthearts
  4 hydras
  5 boulder beetles
  2 catoblepae
  2 spriggan skeletons
  An alligator snapping turtle (Shoals:3)
  3 merfolk aquamancers
  5 merfolk avatars
  28 dancing weapons
  A stoker (Hell)
  A death knight (Depths:1)
  93 death scarabs
  20 two-headed ogres
  8 tengu warriors
  4 satyrs
  A sphinx skeleton (Crypt:2)
  9 death yaks
  20 naga warriors
  6 vampire magi
  10 deep troll shamans
  2 spectral storm dragons (Zot:1)
  A titan zombie (Crypt:2)
  10 hell hogs (Depths:1)
  4 spriggan berserkers
  12 deep troll earth magi
  5 shock serpents
  7 hell knights
  An emperor scorpion zombie (Crypt:2)
  3 sun demons (Depths:2)
  17 deep elf knights
  8 naga sharpshooters
  3 orc high priests (Orc:2)
  10 skysharks
  2 soul eaters
  2 spectral death yaks (Lair:5)
  30 skeletal warriors
  2 crystal echidnas (Hell)
  4 shadow wraiths
  A spectral purple draconian (Zot:1)
  A spectral green draconian (Zot:1)
  A quicksilver dragon simulacrum (Crypt:2)
  5 salamander mystics
  A death drake (Abyss:3)
  A spectral anaconda (Lair:5)
  56 deep trolls
  9 iron trolls
  A bunyip zombie (Crypt:2)
  12 sea snakes
  8 flayed ghosts
  9 glowing orange brains
  6 naga ritualists
  10 wizards
  2 shadow demons (Hell)
  3 bog bodies
  12 orc knights
  12 phantasmal warriors
  A swamp dragon (shapeshifter) (Vaults:4)
  A wolf spider zombie (Crypt:2)
  10 deep elf archers
  18 ironbound convokers
  7 necromancers
  A wolf spider (shapeshifter) (D:15)
  A lindwurm (shapeshifter) (Vaults:3)
  37 deep elf pyromancers
  28 deep elf zephyrmancers
  5 lindwurms
  An orange crystal statue (Gauntlet)
  A wolf spider (Vaults:3)
  A stone giant zombie (Tomb:2)
  16 cyclopes
  14 harpies
  10 mana vipers
  18 fauns
  2 iron dragon zombies
  17 salamanders
  13 manticores
  An alligator skeleton (Crypt:3)
  3 orc sorcerers
  14 moths of wrath
  16 ugly things
  A manticore (shapeshifter) (Vaults:4)
  A goliath frog skeleton (Crypt:1)
  4 apis skeletons (Depths:1)
  Maurice (Orc:2)
  10 guardian serpents
  A dire elephant zombie (Crypt:2)
  7 water nymphs
  20 black mambas
  An ice statue (IceCv)
  14 elephants
  16 naga magi
  2 torpor snails
  18 vault sentinels
  A guardian serpent (shapeshifter) (Vaults:5)
  5 merfolk sirens
  4 gargoyles
  5 eyes of devastation (Abyss:3)
  A smoke demon (Abyss:3)
  An unseen horror (shapeshifter) (Abyss:4)
  8 cane toads
  12 komodo dragons
  A kobold demonologist (D:12)
  An unseen horror (D:12)
  7 freezing wraiths
  4 rime drakes
  A rime drake (shapeshifter) (D:14)
  2 efreet
  43 yaktaurs
  2 tengu conjurers (D:13)
  3 ice devils
  A yaktaur skeleton (Vaults:4)
  28 guardian mummies
  The ghost of MrSquiggles the Shooter, a novice KoFi of Okawaru (D:5)
  A yellow draconian skeleton (Crypt:3)
  A tormentor (Hell)
  A black draconian skeleton (Crypt:3)
  A red devil (Depths:2)
  12 trolls
  3 shadow dragon simulacra (Zot:1)
  2 meliai (shapeshifter)
  3 large abominations
  A hellwing (Depths:2)
  3 meliai (D:13)
  6 polar bears
  21 merfolk
  10 wind drakes
  A tarantella (Vaults:2)
  3 hornets
  2 ettin zombies
  11 dream sheep
  3 raiju (Abyss:3)
  4 spectral elephants (Lair:5)
  A tyrant leech (Vaults:4)
  A harpy skeleton (Tomb:3)
  A meliai zombie (Crypt:3)
  A dream sheep (shapeshifter) (Vaults:5)
  13 snapping turtles
  A stone giant simulacrum (Crypt:2)
  20 blink frogs
  An ice dragon zombie (Crypt:2)
  A human simulacrum (Vaults:4)
  41 flying skulls
  40 slime creatures
  An air elemental (Elf:1)
  4 small abominations
  A spriggan (Depths:2)
  3 shadows
  A centaur simulacrum (Crypt:2)
  3 dire elephant simulacra (IceCv)
  A ynoxinul (Depths:2)
  3 wyverns
  21 ushabtiu
  4 fire bats (Lair:4)
  16 water elementals
  7 wraiths
  An ice dragon skeleton (Crypt:2)
  13 humans
  An alligator snapping turtle simulacrum (Tomb:1)
  Grum (D:8)
  A human (shapeshifter) (D:15)
  3 golden eyes (Abyss:3)
  3 fire elementals
  3 redbacks
  5 basilisks
  3 steam dragons
  62 yaks
  A spectral cane toad (Lair:5)
  6 death yak simulacra
  A chaos spawn (Depths:2)
  8 vampire mosquitoes
  3 wargs
  A warg (shapeshifter) (Vaults:5)
  A harpy simulacrum (Crypt:2)
  33 nagas
  A skyshark zombie (Crypt:3)
  A hydra simulacrum (IceCv)
  A deep troll zombie (Crypt:1)
  17 water moccasins
  2 acid dragons
  3 floating eyes
  A cane toad zombie (Crypt:3)
  5 moth of wrath simulacra (Zot:1)
  2 elephant zombies (Lair:5)
  2 hornet zombies (D:6)
  47 orc warriors
  A sky beast (D:7)
  8 black bears
  An ice beast (D:8)
  23 ogres
  7 wolves
  3 boggarts (Vaults:2)
  3 elephant skeletons (Lair:5)
  15 centaurs
  4 phantoms
  A human zombie (Vaults:4)
  3 kobold brigands
  15 bullfrogs
  3 gnoll sergeants
  4 earth elementals
  A komodo dragon skeleton (Crypt:1)
  6 scorpions
  A wyvern zombie (D:6)
  4 cane toad simulacra
  6 two-headed ogre simulacra (IceCv)
  A wyvern skeleton (D:6)
  7 wights
  2 troll zombies (D:9)
  A water moccasin zombie (D:6)
  5 killer bees (D:9)
  A polar bear zombie (Crypt:3)
  6 elephant simulacra
  A raiju skeleton (Crypt:3)
  5 howler monkeys
  4 electric eels
  A vampire bat (D:3)
  A bullfrog zombie (D:6)
  2 lava snakes (Snake:4)
  A centaur zombie (D:6)
  A quasit (Abyss:3)
  A centaur skeleton (D:6)
  4 hounds
  A gnoll bouda (D:7)
  5 orc priests
  3 jellies
  2 bullfrog skeletons (D:6)
  5 iron imps
  4 iguanas
  12 orc wizards
  6 troll simulacra (IceCv)
  6 spriggan simulacra (IceCv)
  2 wolf simulacra (IceCv)
  5 ogre zombies (D:9)
  A tengu zombie (Crypt:1)
  2 deep dwarf skeletons
  39 mummies
  A howler monkey zombie (D:6)
  36 gnolls
  16 adders
  3 naga simulacra (IceCv)
  2 shadow imps
  A swamp drake skeleton (Crypt:2)
  11 white imps
  5 ufetubi
  A worm zombie (Crypt:2)
  2 dart slugs
  54 orcs
  3 bat skeletons (D:3)
  2 bat zombies (D:3)
  12 endoplasms
  15 giant cockroaches
  17 goblins
  13 hobgoblins
  7 jackals
  28 kobolds
  8 quokkas
  8 ball pythons
  A ball python skeleton (Crypt:3)
  3 bats
  7 frilled lizards
  A goblin zombie (D:9)
  3 hobgoblin zombies (D:9)
  2 orc skeletons (D:9)
  17 orc zombies (D:9)
  A quokka skeleton (Crypt:1)
  10 rats
  5 spectral weapons
  A starspawn tentacle (Abyss:3)
  9 tentacles
2620 creatures vanquished.

Vanquished Creatures (collateral kills)
  Sojobo (Vaults:4)
  A stone giant (Tomb:2)
  2 merfolk impalers (Shoals:3)
  A death yak (D:11)
  Urug (D:12)
  A sea snake (Shoals:3)
  An ironbound convoker (Vaults:4)
  A necromancer (Lair:5)
  A faun (Shoals:3)
  A cyclops (Tomb:2)
  A merfolk siren (Shoals:3)
  7 merfolk (Shoals:3)
  A polar bear (Tomb:2)
  A troll (Tomb:2)
  A snapping turtle (Shoals:3)
  A yak (D:11)
  2 humans (D:12)
25 creatures vanquished.

Vanquished Creatures (others)
  The ghost of Oriecen the Ruinous, a master DsEE of Vehumet (Zot:1)
  An ironbound preserver (Vaults:5)
  2 deep elf zephyrmancers
  4 deep elf pyromancers
  An orc warrior (Depths:4)
  3 starspawn tentacles (Abyss:3)
  10 tentacles
22 creatures vanquished.

Grand Total: 2667 creatures vanquished

Notes
Turn   | Place    | Note
-------+----------+-------------------------------------------
     0 | D:1      | Joey1 the Minotaur Berserker began the quest for the Orb.
     0 | D:1      | Reached XP level 1. HP: 19/19 MP: 0/0
   172 | D:1      | Reached XP level 2. HP: 26/27 MP: 1/1
   693 | D:2      | Reached ** piety under Trog
   825 | D:2      | Reached XP level 3. HP: 32/33 MP: 2/2
  1144 | D:3      | Found a glowing drain.
  1161 | Sewer    | Entered a sewer
  1332 | Sewer    | Reached skill level 5 in Axes
  1332 | Sewer    | Reached XP level 4. HP: 33/41 MP: 3/3
  1523 | Sewer    | Noticed a bullfrog
  1523 | Sewer    | Noticed a bullfrog
  1528 | Sewer    | Killed a bullfrog
  1529 | Sewer    | Reached XP level 5. HP: 47/47 MP: 4/4
  1532 | Sewer    | Reached skill level 5 in Fighting
  1634 | D:3      | Reached *** piety under Trog
  1718 | D:3      | Reached XP level 6. HP: 56/56 MP: 5/5
  1828 | D:3      | Identified the amulet "Vehuvow" {Acrobat Harm rPois Str-2}
  2234 | D:3      | Found an ancient bone altar of Kikubaaqudgha.
  2335 | D:3      | Reached skill level 5 in Armour
  2626 | D:4      | Reached **** piety under Trog
  2630 | D:4      | Found a staircase to the Ecumenical Temple.
  2813 | D:4      | Reached XP level 7. HP: 56/61 MP: 6/6
  3207 | Temple   | Entered the Ecumenical Temple
  3248 | D:5      | Entered Level 5 of the Dungeon
  3248 | D:5      | Found a runed translucent gate.
  3248 | D:5      | Found a runed translucent gate.
  3248 | D:5      | Found a runed translucent gate.
  3477 | D:5      | Reached skill level 10 in Axes
  3498 | D:5      | Reached XP level 8. HP: 54/68 MP: 7/7
  3561 | D:5      | Noticed MrSquiggles's ghost (novice KoFi)
  3873 | D:5      | Found a blossoming altar of Fedhas.
  3971 | D:5      | Found a sparkling altar of Nemelex Xobeh.
  4244 | D:5      | Reached ***** piety under Trog
  4949 | D:6      | Reached XP level 9. HP: 65/74 MP: 8/8
  5714 | D:7      | Reached skill level 15 in Axes
  6013 | D:7      | Noticed a troll
  6020 | D:7      | Killed a troll
  6538 | D:7      | Found a burning altar of Makhleb.
  6662 | D:7      | Found a snail-covered altar of Cheibriados.
  6705 | D:8      | Found a flagged portal.
  6720 | Bailey   | Entered a bailey
  6737 | Bailey   | Received a gift from Trog
  6822 | Bailey   | Noticed an orc knight
  6852 | Bailey   | Killed an orc knight
  6853 | Bailey   | Reached XP level 10. HP: 78/84 MP: 9/9
  7554 | Bailey   | Noticed an orc warlord
  7599 | Bailey   | Killed an orc warlord
  7602 | Bailey   | Reached skill level 10 in Fighting
  7794 | Bailey   | Reached skill level 5 in Evocations
  7794 | Bailey   | Reached XP level 11. HP: 99/99 MP: 10/10
  8070 | D:8      | You fall into a shaft and drop 3 floors!
  8090 | D:10     | Entered Level 10 of the Dungeon
  8118 | D:11     | Found a runed translucent door.
  8118 | D:11     | Noticed bahustanut's ghost (journeyman OgGl)
  8173 | D:11     | Noticed a two-headed ogre
  8194 | D:11     | Killed a two-headed ogre
  8439 | D:11     | Reached XP level 12. HP: 20/106 MP: 11/11
  8675 | D:11     | Received a gift from Trog
  9010 | D:10     | Noticed a two-headed ogre
  9016 | D:10     | Killed a two-headed ogre
  9461 | D:8      | Noticed Grum
  9467 | D:8      | Killed Grum
 10058 | D:9      | Reached skill level 5 in Dodging
 10163 | D:9      | Found a white marble altar of Elyvilon.
 10342 | D:9      | Noticed a two-headed ogre
 10467 | D:9      | Killed a two-headed ogre
 10830 | D:9      | Found a staircase to the Orcish Mines.
 11043 | D:10     | Found a transporter.
 11206 | D:10     | Noticed a centaur warrior
 11207 | D:10     | Noticed a boulder beetle
 11208 | D:10     | Noticed a boulder beetle
 11570 | D:11     | Found a staircase to the Lair.
 11774 | D:11     | Noticed a minotaur
 12568 | D:11     | Killed a minotaur
 12966 | D:11     | Noticed a death yak
 13004 | D:11     | Killed a death yak
 13107 | D:11     | Noticed a minotaur
 13118 | D:11     | Killed a minotaur
 13189 | D:11     | Noticed a death yak
 13242 | D:11     | Noticed a death yak
 13242 | D:11     | Noticed a death yak
 13266 | D:11     | Killed a death yak
 13268 | D:11     | Killed a death yak
 13499 | D:11     | Killed a death yak
 13889 | Lair:1   | Entered Level 1 of the Lair of Beasts
 13899 | Lair:1   | Reached XP level 13. HP: 81/122 MP: 12/12
 14115 | Lair:1   | Received a gift from Trog
 14638 | Lair:1   | Identified 3 scrolls of acquirement
 14965 | Lair:1   | Acquired a +1 cloak of preservation
 14976 | Lair:1   | Acquired a +1 pair of gloves of infusion
 14982 | Lair:1   | Acquired a +2 hat of intelligence
 15230 | Lair:2   | Reached skill level 15 in Fighting
 15372 | Lair:2   | Reached skill level 1 in Throwing
 15569 | Lair:2   | Found a staircase to the Snake Pit.
 16205 | Lair:3   | Found a gate leading to a gauntlet.
 16210 | Gauntlet | Entered a Gauntlet
 16210 | Gauntlet | Found a transporter.
 16210 | Gauntlet | Found a transporter.
 16210 | Gauntlet | Found a transporter.
 16214 | Gauntlet | Found a transporter.
 16215 | Gauntlet | Found a transporter.
 16224 | Gauntlet | Found a transporter.
 16226 | Gauntlet | Found a transporter.
 16232 | Gauntlet | Found a transporter.
 16236 | Gauntlet | Found a transporter.
 16243 | Gauntlet | Found a transporter.
 16266 | Gauntlet | Found a transporter.
 16306 | Gauntlet | Found a transporter.
 16378 | Gauntlet | Identified the ring "Kiaxell" {Ice rPois Int+3}
 16414 | Gauntlet | Identified the +7 shortbow "Bacsacie" {elec, rC- rN+ rCorr}
 16414 | Gauntlet | Noticed a minotaur
 16423 | Gauntlet | Killed a minotaur
 16559 | Lair:3   | Found a frozen archway.
 16571 | IceCv    | Entered an ice cave
 16737 | IceCv    | Reached ****** piety under Trog
 16780 | IceCv    | Received a gift from Trog
 16881 | IceCv    | Reached skill level 1 in Shields
 17541 | IceCv    | Identified the +1 ring mail of Kindness {SInv}
 18154 | Lair:3   | Reached skill level 5 in Throwing
 18557 | Lair:3   | Found a staircase to the Shoals.
 18860 | Lair:3   | Reached XP level 14. HP: 135/135 MP: 7/13
 19151 | Lair:4   | Reached skill level 5 in Shields
 19605 | Lair:4   | Reached skill level 10 in Evocations
 20494 | Lair:5   | Entered Level 5 of the Lair of Beasts
 20532 | Lair:5   | Found a staircase to the Slime Pits.
 20688 | Lair:5   | Received a gift from Trog
 20886 | Lair:5   | Noticed Josephine
 20897 | Lair:5   | Killed Josephine
 21957 | Lair:5   | Identified the +3 chain mail of Peek-a-Boo {rCorr}
 22219 | Lair:5   | Received a gift from Trog
 22901 | Orc:1    | Entered Level 1 of the Orcish Mines
 22964 | Orc:1    | Found Sios Tostroga's Assorted Antiques.
 22969 | Orc:1    | Reached XP level 15. HP: 141/141 MP: 12/14
 22987 | Orc:1    | Bought a scroll labelled PEAKLE AGEERING for 28 gold pieces
 22987 | Orc:1    | Bought a scroll labelled LEONAGULUE for 28 gold pieces
 23164 | Orc:1    | Found Gutzoc's Magic Scroll Emporium.
 23195 | Orc:1    | Bought a scroll of fog for 64 gold pieces
 23195 | Orc:1    | Bought a scroll of enchant armour for 120 gold pieces
 23272 | Orc:1    | Found Pamm's Jewellery Shoppe.
 23286 | Orc:1    | Reached skill level 10 in Shields
 23437 | Orc:2    | Entered Level 2 of the Orcish Mines
 24003 | Orc:2    | Found Kaobir's Antique Weapon Boutique.
 24032 | Orc:2    | Found a staircase to the Elven Halls.
 24033 | Orc:2    | Found Himuri's Book Emporium.
 24427 | Orc:2    | Found Bapnoug's General Store.
 24455 | Orc:2    | Found Nunea's Antique Armour Shoppe.
 24540 | Orc:2    | Noticed Maurice
 24544 | Orc:2    | Killed Maurice
 24819 | Orc:2    | Bought a shiny plate armour for 728 gold pieces
 25140 | Orc:2    | Bought an amulet of regeneration for 390 gold pieces
 25532 | D:11     | Killed bahustanut's ghost
 26314 | D:12     | Found a large runed translucent door.
 26314 | D:12     | Found a large runed translucent door.
 26320 | D:12     | Noticed MrSquiggles's ghost (journeyman KoFi)
 26851 | D:12     | Killed MrSquiggles's ghost
 27060 | D:5      | Killed MrSquiggles's ghost
 27333 | D:13     | Noticed Rupert
 27333 | D:13     | Noticed Urug
 27333 | D:13     | Found a gate to the Vaults.
 27486 | D:12     | Killed Urug
 27491 | D:12     | Killed Rupert
 27569 | D:13     | Received a gift from Trog
 28152 | D:13     | Noticed Urgher's ghost (journeyman DsMo)
 28259 | D:13     | Found a transporter.
 28264 | D:13     | Found a bloodstained altar of Trog.
 28268 | D:13     | Found a transporter.
 28455 | D:13     | Reached skill level 15 in Shields
 29170 | D:14     | Noticed Louise
 29191 | D:14     | Killed Louise
 29565 | D:14     | Received a gift from Trog
 29574 | D:14     | Reached XP level 16. HP: 136/149 MP: 5/15
 29892 | D:15     | Entered Level 15 of the Dungeon
 30208 | D:15     | Found a transporter.
 30209 | D:15     | Noticed bchevrier's ghost (journeyman GnWn)
 30217 | D:15     | Found a transporter.
 30671 | D:15     | Found a staircase to the Depths.
 31039 | Shoals:1 | Entered Level 1 of the Shoals
 31150 | Shoals:1 | Identified the amulet "Naybbot" {Acrobat rF++ rC+ Int+2}
 32727 | Shoals:2 | Identified the +6 flail of Keicle {vamp, rF++ Dex+4}
 32841 | Shoals:2 | Received a gift from Trog
 33426 | Shoals:2 | Noticed a kraken
 33436 | Shoals:2 | Killed a kraken
 33440 | Shoals:2 | Noticed a kraken
 33454 | Shoals:2 | Killed a kraken
 33456 | Shoals:2 | Identified the amulet "Ozxil" {Acrobat Will+ Stlth+}
 33782 | Shoals:3 | Found Jothiowo's Distillery.
 35015 | Shoals:4 | Entered Level 4 of the Shoals
 35287 | Shoals:4 | Noticed Polyphemus
 35637 | Shoals:3 | Reached XP level 17. HP: 159/159 MP: 11/16
 35825 | Shoals:3 | Killed Polyphemus
 36304 | Shoals:4 | Got a barnacled rune of Zot
 36587 | Shoals:4 | Received a gift from Trog
 36934 | Shoals:4 | Identified the +0 scale mail of the Invisible Hand {rN+
                  | Will+ Int+2 Dex-2}
 37849 | Shoals:4 | Noticed a kraken
 37859 | Shoals:4 | Killed a kraken
 38354 | Snake:1  | Entered Level 1 of the Snake Pit
 38354 | Snake:1  | Noticed Aizul
 38376 | Lair:2   | Killed Aizul
 39227 | Snake:2  | Received a gift from Trog
 39575 | Snake:2  | Found a glowing silver altar of Zin.
 40547 | Snake:3  | Found a blossoming altar of Fedhas.
 40560 | Snake:3  | Reached XP level 18. HP: 174/178 MP: 11/17
 40571 | Snake:3  | Received a gift from Trog
 41199 | Snake:4  | Entered Level 4 of the Snake Pit
 41719 | Snake:4  | Reached skill level 10 in Throwing
 42235 | Snake:4  | Identified the +6 broad axe of Pianiv {flame, rF+} (Trog
                  | gifted it to you on level 4 of the Snake Pit)
 42235 | Snake:4  | Received a gift from Trog
 42327 | Snake:4  | Reached XP level 19. HP: 185/185 MP: 18/18
 42840 | Snake:4  | Reached skill level 15 in Evocations
 42862 | Snake:4  | Noticed Vashnia
 43311 | Snake:4  | Killed Vashnia
 44038 | Snake:4  | Got a serpentine rune of Zot
 44227 | Vaults:1 | Entered Level 1 of the Vaults
 44744 | Vaults:1 | Received a gift from Trog
 44745 | Vaults:1 | Reached skill level 10 in Armour
 45875 | Vaults:1 | Reached XP level 20. HP: 179/198 MP: 8/19
 46383 | Vaults:1 | Identified the scarf of Impermeability {shadows, rElec rF-
                  | SInv}
 46481 | Vaults:1 | Identified the +6 broad axe of Glory {heavy, *Rage rPois
                  | Dex+3} (Trog gifted it to you on level 1 of the Vaults)
 46481 | Vaults:1 | Received a gift from Trog
 48072 | Vaults:2 | Noticed Donald
 48088 | Vaults:2 | Killed Donald
 48324 | Vaults:2 | Found a staircase to the Crypt.
 48456 | Vaults:2 | Identified the +6 plate armour "Caeplib" {Fly Int+3}
 48501 | Vaults:2 | Received a gift from Trog
 49044 | Vaults:3 | Found Filutt's General Store.
 49308 | Vaults:3 | Paralysed by a formless jellyfish for 1 turns
 49602 | Vaults:3 | Reached skill level 1 in Invocations
 50116 | Vaults:3 | Reached skill level 5 in Invocations
 50357 | Vaults:3 | Identified the +8 war axe of Mutualism {flame, *Slow rElec
                  | rC+ Str+3} (Trog gifted it to you on level 3 of the Vaults)
 50357 | Vaults:3 | Received a gift from Trog
 51406 | Vaults:3 | Reached XP level 21. HP: 204/207 MP: 20/26
 51905 | Vaults:4 | Found a flickering gateway to a bazaar.
 51913 | Bazaar   | Entered a bazaar
 51939 | Bazaar   | Found Nonaesoi's Antique Weapon Shoppe.
 52011 | Bazaar   | Found Lelam's Antique Weapon Shoppe.
 52023 | Bazaar   | Found Ozeiduru's Book Shoppe.
 52030 | Bazaar   | Bought a manual of Armour for 1280 gold pieces
 52077 | Vaults:4 | Received a gift from Trog
 52223 | Vaults:4 | Found a runed translucent door.
 52242 | Vaults:4 | Reached skill level 10 in Invocations
 52777 | Vaults:4 | Noticed Norris
 52813 | Vaults:4 | Killed Norris
 52834 | Vaults:4 | Noticed Sojobo
 52842 | Vaults:4 | Killed Sojobo
 52850 | Vaults:4 | Received a gift from Trog
 53280 | Vaults:4 | Noticed Mennas
 53344 | Vaults:4 | Killed Mennas
 54689 | D:13     | Killed Urgher's ghost
 54881 | D:15     | Killed bchevrier's ghost
 55189 | Elf:1    | Entered Level 1 of the Elven Halls
 55346 | Elf:1    | Found Jinkiac's Armour Emporium.
 55457 | Elf:1    | Received a gift from Trog
 55767 | Elf:1    | Noticed Roxanne
 55781 | Elf:1    | Paralysed by an air elemental for 1 turns
 56569 | Elf:1    | Killed Roxanne
 56661 | Elf:2    | Noticed Nikola
 56687 | Elf:2    | Killed Nikola
 56919 | Elf:2    | Identified the +6 scale mail "Hokhla" {Will+ Str+2 Dex+3}
 57108 | Elf:2    | Found a runed translucent gate.
 57109 | Elf:2    | Found a runed translucent gate.
 57109 | Elf:2    | Found a runed translucent gate.
 57371 | Elf:2    | Reached XP level 22. HP: 154/202 MP: 24/31
 57645 | Elf:3    | Entered Level 3 of the Elven Halls
 57650 | Elf:3    | Received a gift from Trog
 57930 | Elf:3    | Reached skill level 15 in Invocations
 58437 | Elf:3    | Identified the ring of Luyt {Fire Int+6}
 58587 | Elf:3    | Received a gift from Trog
 58707 | Elf:3    | Reached skill level 15 in Armour
 58733 | Elf:3    | HP: 1/210 [balrug/divine providence[a deep elf
                  | demonologist] (15)]
 59240 | Elf:3    | Identified the +7 longbow of Joey1's Extinguishment {drain,
                  | *Slow rPois rN++ Stlth+}
 59292 | Elf:3    | Identified the staff of Tomorrow {rF+ rC+ SInv Conj}
 59301 | Elf:3    | Identified the amulet of the Eagle {Spirit rN+ Will+++
                  | rCorr Dex-2}
 59384 | Elf:3    | Identified the +11 orcbow "Imp's Demise" {heavy, Fragile
                  | rElec rN++ Int+3}
 60505 | Vaults:5 | Entered Level 5 of the Vaults
 60515 | Vaults:4 | Received a gift from Trog
 60695 | Abyss:3  | Cast into level 3 of the Abyss (vault guard)
 60750 | Abyss:3  | Identified the +1 helmet "Gofisulu" {Slay+4}
 60761 | Abyss:3  | Paralysed by a floating eye for 2 turns
 60768 | Abyss:3  | Paralysed by a floating eye for 4 turns
 60874 | Abyss:3  | Paralysed by a floating eye for 3 turns
 61232 | Vaults:5 | Escaped the Abyss
 61864 | Vaults:5 | Noticed an ancient lich
 61865 | Vaults:5 | Noticed a dread lich
 61868 | Vaults:5 | Noticed a dread lich
 62081 | Vaults:4 | Received a gift from Trog
 62329 | Vaults:4 | Killed a dread lich
 62330 | Vaults:4 | Reached XP level 23. HP: 227/227 MP: 18/33
 62435 | Vaults:4 | Killed a dread lich
 62641 | Vaults:5 | Noticed Margery
 63076 | Vaults:5 | Paralysed by a hornet for 1 turns
 63081 | Vaults:4 | HP: 5/220 [poisoned by a tengu reaver (bolt of poison)]
 64681 | Vaults:4 | Killed Margery
 65329 | Vaults:4 | Killed an ancient lich
 65714 | Vaults:5 | Noticed Xtahua
 65725 | Vaults:5 | Paralysed by Xtahua for 2 turns
 65731 | Vaults:5 | Killed Xtahua
 66213 | Vaults:5 | Noticed a dread lich
 66225 | Vaults:5 | Killed a dread lich
 66514 | Vaults:5 | Received a gift from Trog
 66820 | Vaults:5 | Identified the +2 cloak of the Villain {rElec rN++}
 66990 | Vaults:5 | Identified the +3 dagger of Yredelemnul, Conjuring {venom,
                  | rF- Str+6}
 67172 | Vaults:5 | Identified the ring of Summertime {rC+ rN+ Will+ Dex+2}
 67230 | Vaults:5 | Identified the +5 dagger of Byisimn {vamp, rF++ rN+}
 67624 | Vaults:5 | Got a silver rune of Zot
 67885 | Vaults:5 | Identified the +2 ring mail of Gestures {-Cast +Blink
                  | rPois}
 68261 | Depths:1 | Entered Level 1 of the Depths
 68382 | Depths:1 | Noticed Bai Suzhen
 68396 | Depths:1 | Killed Bai Suzhen
 68490 | Depths:1 | Found Cuasch Uffirph's Distillery.
 68492 | Depths:1 | Found Miunofol's Armour Shoppe.
 68494 | Depths:1 | Bought a potion of ambrosia for 88 gold pieces
 68494 | Depths:1 | Bought a potion of curing for 33 gold pieces
 68494 | Depths:1 | Bought a potion of mutation for 88 gold pieces
 68494 | Depths:1 | Bought a potion of resistance for 110 gold pieces
 68544 | Depths:1 | Received a gift from Trog
 68975 | Depths:1 | Found a gateway to Hell.
 69007 | Depths:1 | Reached XP level 24. HP: 202/242 MP: 26/35
 69122 | Depths:1 | Found a basalt altar of Yredelemnul.
 70436 | Depths:2 | Found a one-way gateway to a ziggurat.
 70757 | Depths:2 | Found Piobret's Weapon Boutique.
 71067 | Depths:2 | Found a one-way gate leading to the halls of Pandemonium.
 71210 | Depths:2 | Acquired the +0 pair of gloves of the Serpent {Int+3 SInv
                  | Stlth+}
 71310 | Depths:2 | Received a gift from Trog
 71946 | Depths:3 | Found a one-way gate to the infinite horrors of the Abyss.
 71956 | Depths:3 | Found Nieqig's General Store.
 71976 | Depths:3 | Bought a potion of lignification for 72 gold pieces
 72780 | Depths:4 | Entered Level 4 of the Depths
 73119 | Depths:3 | Received a gift from Trog
 73204 | Depths:4 | Noticed Saint Roka
 73363 | Depths:3 | Killed Saint Roka
 73738 | Depths:4 | Reached skill level 27 in Fighting
 74069 | Depths:4 | Found The Oracle's Delphic Readings.
 74073 | Depths:4 | Bought a scroll of enchant armour for 150 gold pieces
 74073 | Depths:4 | Bought a scroll of revelation for 150 gold pieces
 74073 | Depths:4 | Bought a scroll of fear for 80 gold pieces
 74179 | Depths:4 | Found a gate to the Realm of Zot.
 74595 | Temple   | Fell from the grace of Trog
 74595 | Temple   | Became a worshipper of the Shining One
 74859 | Crypt:1  | Entered Level 1 of the Crypt
 75176 | Crypt:1  | Reached * piety under the Shining One
 75360 | Crypt:1  | Reached ** piety under the Shining One
 76003 | Crypt:2  | Reached *** piety under the Shining One
 76022 | Crypt:2  | Reached XP level 25. HP: 257/257 MP: 26/36
 76051 | Crypt:2  | Reached **** piety under the Shining One
 76306 | Crypt:2  | Reached ***** piety under the Shining One
 76859 | Crypt:2  | Identified the +4 quarterstaff of Midnight {speed, rC+
                  | Will+ Int+5 Dex-4}
 77227 | Crypt:3  | Entered Level 3 of the Crypt
 77387 | Crypt:3  | Reached ****** piety under the Shining One
 77681 | Crypt:3  | Identified a +9 broad axe of holy wrath (a +9 broad axe of
                  | flaming blessed by the Shining One)
 77681 | Crypt:3  | Received a gift from the Shining One
 77686 | Crypt:3  | Found a staircase to the Tomb.
 77697 | Crypt:3  | Identified the ring of the Many Spirits {+Blink rF- rC+
                  | rN+}
 77698 | Crypt:3  | Identified the ring "Ynaniwn" {rPois rC- rN+ Int+5 Stlth+}
 77917 | Crypt:3  | Noticed an ancient lich
 77930 | Crypt:3  | Killed an ancient lich
 78410 | Crypt:3  | Paralysed by Trog for 7 turns
 78708 | Crypt:3  | Noticed a dread lich
 78730 | Crypt:3  | Killed a dread lich
 78738 | Crypt:3  | Noticed a dread lich
 78738 | Crypt:3  | Noticed a dread lich
 78745 | Crypt:3  | Killed a dread lich
 78751 | Crypt:3  | Killed a dread lich
 78789 | Crypt:3  | Got an upside-down book
 78794 | Crypt:3  | Identified the amulet of the Princess {Faith Will+ Int+3}
 78802 | Crypt:3  | Identified the +8 lajatang "Mimih" {flame, Fragile rElec
                  | Str+5 Int+2}
 78804 | Crypt:3  | Identified the +2 ring mail of Dramatic Exits {+Blink rF+
                  | Dex+3}
 79137 | Hell     | Entered the Vestibule of Hell
 79137 | Hell     | Noticed Geryon
 79150 | Hell     | Killed Geryon
 79581 | Tomb:1   | Entered Level 1 of the Tomb of the Ancients
 80046 | Tomb:1   | Noticed a royal mummy
 80053 | Tomb:1   | Killed a royal mummy
 80727 | Tomb:1   | Noticed a royal mummy
 80737 | Tomb:1   | Killed a royal mummy
 81118 | Tomb:1   | Noticed a royal mummy
 81122 | Tomb:1   | Identified the +5 mace of Deformation {heavy, rElec}
 81127 | Tomb:1   | Killed a royal mummy
 81485 | Tomb:1   | Identified the +0 buckler of Levity {rF- rC++}
 81489 | Tomb:1   | Reached XP level 26. HP: 236/266 MP: 37/37
 81666 | Tomb:2   | Noticed a royal mummy
 81666 | Tomb:2   | Noticed a royal mummy
 81667 | Tomb:2   | Noticed a royal mummy
 81667 | Tomb:2   | Noticed a royal mummy
 81668 | Tomb:2   | Identified the +1 great sword of Acareju {spect, Int+3}
 81668 | Tomb:2   | Noticed a royal mummy
 81678 | Tomb:2   | Killed a royal mummy
 81679 | Tomb:2   | Killed a royal mummy
 81682 | Tomb:2   | Killed a royal mummy
 81684 | Tomb:2   | Killed a royal mummy
 81684 | Tomb:2   | Killed a royal mummy
 81820 | Tomb:2   | Paralysed by Trog for 5 turns
 82281 | Tomb:1   | Noticed a royal mummy
 82282 | Tomb:1   | Noticed a royal mummy
 82288 | Tomb:1   | Killed a royal mummy
 82292 | Tomb:1   | Killed a royal mummy
 82388 | Tomb:1   | Noticed a royal mummy
 82411 | Tomb:1   | Killed a royal mummy
 82464 | Tomb:1   | Noticed a royal mummy
 82473 | Tomb:1   | Killed a royal mummy
 82573 | Tomb:1   | Noticed a royal mummy
 82583 | Tomb:1   | Killed a royal mummy
 82860 | Tomb:1   | Noticed a royal mummy
 82870 | Tomb:1   | Killed a royal mummy
 83174 | Tomb:1   | Noticed a royal mummy
 83184 | Tomb:1   | Killed a royal mummy
 83346 | Tomb:1   | Paralysed by Trog for 5 turns
 83435 | Tomb:1   | Noticed a royal mummy
 83446 | Tomb:1   | Killed a royal mummy
 83456 | Tomb:1   | Noticed a royal mummy
 83467 | Tomb:1   | Killed a royal mummy
 83565 | Tomb:1   | Noticed a royal mummy
 83573 | Tomb:1   | Killed a royal mummy
 83677 | Tomb:1   | Noticed a royal mummy
 83684 | Tomb:1   | Noticed a royal mummy
 83742 | Tomb:1   | Noticed a royal mummy
 84574 | Zot:1    | Entered Level 1 of the Realm of Zot
 86225 | Zot:1    | Found a runed translucent gate.
 86225 | Zot:1    | Found a runed translucent gate.
 86225 | Zot:1    | Found a runed translucent gate.
 86226 | Zot:1    | Found the amulet of the Air {Inacc Air Fly rElec RMsl}
 86233 | Zot:1    | Noticed Oriecen's ghost (master DsEE)
 86233 | Zot:1    | Noticed a dread lich
 87161 | Zot:1    | Killed a dread lich
 87162 | Zot:1    | Reached skill level 27 in Invocations
 87522 | Zot:1    | Killed Oriecen's ghost
 87804 | Zot:1    | Identified the ring "Nososou" {Fly rElec rCorr}
 87809 | Zot:1    | Identified the +0 hat "Jirip" {*Corrode Fly Str+7}
 88431 | Tomb:1   | Killed a royal mummy
 88435 | Tomb:1   | Noticed a royal mummy
 88459 | Tomb:1   | Noticed a royal mummy
 88469 | Tomb:1   | Killed a royal mummy
 88470 | Tomb:1   | Reached XP level 27. HP: 196/273 MP: 39/39
 88476 | Tomb:1   | Killed a royal mummy
 88500 | Tomb:1   | Noticed a royal mummy
 88503 | Tomb:1   | Killed a royal mummy
 88515 | Tomb:1   | Noticed a royal mummy
 88523 | Tomb:1   | Killed a royal mummy
 88539 | Tomb:1   | Paralysed by Trog for 4 turns
 88903 | Tomb:1   | Killed a royal mummy
 89018 | Tomb:1   | Killed a royal mummy
 89019 | Tomb:1   | Reached skill level 10 in Dodging
 91661 | Tomb:3   | Entered Level 3 of the Tomb of the Ancients
 91674 | Tomb:3   | Found the +7 Spriggan's Knife {stab, EV+4 Stlth+}
 91704 | Tomb:3   | Noticed a royal mummy
 91711 | Tomb:3   | Killed a royal mummy
 91727 | Tomb:3   | HP: 17/409 [cyclops[the rage of Trog] (9)]
 91727 | Tomb:3   | Mangled by a stone giant

Illustrated notes

Levels and vault maps discovered:
D:1:      minmay_arrival_checkered_box, layout_loops_ring, supply_closet_lemuel
D:2:      layout_basic
D:3:      layout_loops_ring, kennysheep_vampire_church, portal_sewer_entry_b
D:4:      layout_basic, minmay_temple_entry_drinking_statues
D:5:      kennysheep_kobold_camp, layout_cave_pools, nemelex_spade_bored_becter,
          nicolae_overflow_hidden_temple, gammafunk_ghost_split
D:6:      layout_rooms, serial_undead, serial_undead_e, serial_undead_d,
          serial_undead_a, serial_undead_a, serial_undead_b, serial_undead_b,
          serial_undead_c, serial_undead_b
D:7:      layout_basic, slow_altar_2, demons_altar
D:8:      layout_basic, enter_bailey_3, uniq_grum
D:9:      layout_grid_maze, kennysheep_little_box, zombieorc2_lemuel
D:10:     minmay_cornered_nines, layout_rooms, nicolae_diode_basic
D:11:     fort_yaktaur, layout_loops_cross, due_lair_maze_entry_diamond,
          hellmonk_ghost_happy_afterlife
D:12:     layout_basic, ebering_ghost_disaster_area
D:13:     layout_gridville, david_vaults_3, gammafunk_ghost_wrathful_warriors,
          serial_bayou_crossing
D:14:     layout_gridville, minmay_misc_feat_rows, uniq_louise
D:15:     hangedman_depths_entry_try_elsewhere_first, layout_basic,
          gammafunk_ghost_arena
Temple:   nicolae_temple_x_marks_the_god
Lair:1:   layout_loops_ring
Lair:2:   layout_loops_ring, guppyfry_snake_entry_garden, lemuel_fruit_tree
Lair:3:   layout_regular_city, minmay_shoals_entry_hut, gauntlet_entry_generic,
          portal_ice_cave_entry_pillars_1, grunt_megastairs_5
Lair:4:   layout_gridlike
Lair:5:   due_jungle_book, layout_gridlike, slime_entry_1,
          infiniplex_staircase_pool, serial_bayou_shore_b, uniq_urug,
          uniq_josephine
Shoals:1: layout_shoals, nicolae_shoals_nautilus_by_nature,
          nicolae_shoals_seven_spires
Shoals:2: nicolae_shoals_lighthouse, layout_shoals, nicolae_shoals_drake_roost
Shoals:3: layout_shoals, serial_shops, shop, nicolae_shoals_so_close
Shoals:4: shoals_end_grunt_garden, layout_shoals, uniq_polyphemus
Snake:1:  layout_misc_corridors, uniq_aizul
Snake:2:  layout_grid_shapes, basic_altar, corexii_hall_statues_u
Snake:3:  layout_misc_corridors, basic_altar, grunt_ministairs_14,
          abandoned_shop, nicolae_snake_flat_spine
Snake:4:  grunt_snake_rune_serpentine_throne, layout_cave_town,
          nicolae_snake_salamander_fort
Orc:1:    layout_caves, serial_shops, shop_statue, nicolae_shop_tiny_waterfront,
          nicolae_shop_peninsula, basic_altar, nicolae_orc_flooded_monolith
Orc:2:    grunt_orc_gardens, layout_diamond_mine, grunt_orc_garden,
          grunt_orc_garden, grunt_orc_garden, grunt_orc_garden, uniq_maurice
Elf:1:    eino_elf_arrival_the_gate, layout_rooms, serial_shops, shop,
          minmay_elf_sorcery, uniq_roxanne
Elf:2:    nicolae_elf_blades_crystal_corner, layout_geoelf_octagon, uniq_nikola
Elf:3:    minmay_elf_hall_spiked, layout_loops_cross
Vaults:1: nicolae_vaults_network_star, v_pattern_2, nicolae_vaults_what_the_h,
          nicolae_vaults_enemy_cabinets, vaults_dpeg_doors,
          grunt_vaults_hallway_long, nicolae_vaults_network_periphery,
          nicolae_vaults_hallways_thing, ontoclasm_vaults_bender,
          v_alt_pattern_4, layout_vaults_maze_bifur
Vaults:2: vaults_room_semicircle, minmay_crypt_entry_simple_walls, v_misc_2,
          nicolae_vaults_storage_closets_3, nicolae_vaults_tetromino_T_1,
          v_misc_23, v_misc_10, nicolae_vaults_statue_guard,
          layout_vaults_quadrants, uniq_donald
Vaults:3: nicolae_vaults_more_shelving_2, nicolae_vaults_little_squares_4,
          nicolae_vaults_sesquioval_fish, nicolae_vaults_house_2,
          hangedman_vaults_slice, nicolae_vaults_three_branches,
          nicolae_vaults_triangles, v_misc_1, ontoclasm_vaults_pinch,
          nicolae_vaults_tetromino_L_2, nicolae_vaults_little_squares_5,
          vaults_room_hallway, nicolae_vaults_tetromino_Z_2,
          ontoclasm_vaults_shout, vaults_dpeg_encased_lava, vaults_room_pool,
          ontoclasm_vaults_misaligned, layout_vaults_omnibox, serial_shops,
          shop_fountains
Vaults:4: v_misc_23, nicolae_vaults_rhombus_7, nicolae_vaults_frosty_reception,
          nicolae_vaults_oozy_zoo, grunt_vaults_trifunnel,
          nicolae_vaults_little_squares_6, nicolae_vaults_little_ls,
          nicolae_vaults_border_crossing, nicolae_vaults_little_squares_6,
          hangedman_vaults_stretched_pinwheel, nicolae_vaults_tetromino_L_2,
          layout_vaults_chaotic_city, serial_shops, bzr_entry_water,
          uniq_norris, uniq_sojobo, uniq_mennas
Vaults:5: uniq_margery, uniq_xtahua
Crypt:1:  layout_misc_corridors, uniq_josephina
Crypt:2:  layout_regular_city, minmay_misc_feat_cross, due_unseen_surprise,
          grunt_megastairs_3
Crypt:3:  david_glass_crypt, layout_gridlike, tomb_entry_shell_bobbens
Tomb:1
Tomb:2
Tomb:3
Depths:1: layout_basic, chequers_big_river, grunt_hell_horde,
          hangedman_blasphemy, serial_bayou_shore_a, minmay_shoptagon,
          uniq_bai_suzhen
Depths:2: grunt_twist_and_shout, layout_cave_shapes, enter_ziggurat_e,
          grunt_hell_entry_dis_mu, grunt_pan_entry_zigzag, serial_shops,
          nicolae_shop_advertising_works [nicolae_subvault_shop_adworks],
          minmay_misc_feat_square
Depths:3: kennysheep_ogre_elephant_herders, layout_cross, serial_shops, shop,
          pan_entry, abyss_entry, minmay_tree_intersection, hell_entry,
          nicolae_fountain_basement, serial_bayou_shore_b
Depths:4: evilmike_zot_entry_basic, layout_cave_shapes, hangedman_coc_ice_floe,
          nicolae_nh_oracle_at_delphi, uniq_saint_roka
Hell
Zot:1:    layout_gridlike, gammafunk_ghost_necromancy
Zot:2:    kennysheep_ambush_hall, layout_basic, st_large_dragon_hoard_4

Skill      XL: |  1  2  3  4  5  6  7  8  9 10 11 12 13 14 15 16 17 18 19 20 21 22 23 24 25 26 27 |
---------------+----------------------------------------------------------------------------------+-----
Axes           | 4 5 6 7 10 13 16 17 18 19 20 21 | 21.9
Fighting       | 4 5 6 10 13 15 16 20 21 22 23 25 27 | 27.0
Armour         | 3 4 5 6 8 10 19 20 | 20.0
Evocations     | 5 7 8 9 11 12 14 15 | 15.0
Dodging        | 4 7 9 12 | 12.9
Throwing       | 5 8 9 10 | 10.0
Shields        | 4 9 16 20 22 23 | 23.0
Invocations    | 8 14 15 18 20 23 27 | 27.0
Polearms       | |  0.2

Action                     |  1- 3 |  4- 6 |  7- 9 | 10-12 | 13-15 | 16-18 | 19-21 | 22-24 | 25-27 || total
---------------------------+-------+-------+-------+-------+-------+-------+-------+-------+-------++-------
  Melee: Hand axe          |    94 |   164 |   165 |       |       |       |       |       |       ||   423
         Headbutt          |    12 |    23 |    55 |    82 |   271 |   208 |   353 |   472 |   618 ||  2094
         Punch             |     2 |     1 |     4 |     2 |       |       |       |       |       ||     9
         War axe           |       |       |   180 |    53 |    14 |       |       |       |       ||   247
         Broad axe         |       |       |       |    45 |   379 |   968 |  1294 |  1585 |  1458 ||  5729
         Battleaxe         |       |       |       |   315 |   718 |       |       |       |       ||  1033
 Invoke: Berserk           |       |     1 |     4 |     4 |     3 |       |     2 |     9 |       ||    23
         Trog's Hand       |       |       |       |     2 |     7 |       |     7 |    11 |       ||    27
         Brothers in Arms  |       |       |       |     2 |     3 |     2 |       |     1 |       ||     8
         Cleansing Flame   |       |       |       |       |       |       |       |       |    46 ||    46
         Brand Weapon With |       |       |       |       |       |       |       |       |     1 ||     1
         Summon Divine War |       |       |       |       |       |       |       |       |     1 ||     1
  Evoke: Phial of floods   |       |       |       |       |     1 |       |     1 |       |       ||     2
         Wand              |       |       |       |       |       |       |     8 |     4 |     3 ||    15
         Box of beasts     |       |       |       |       |       |       |     1 |       |       ||     1
         Tin of tremorston |       |       |       |       |       |       |       |     2 |       ||     2
         Lightning rod     |       |       |       |       |       |       |       |     4 |       ||     4
    Use: Scroll            |       |       |     8 |     1 |    24 |    14 |     3 |    11 |     8 ||    69
         Potion            |       |       |       |     1 |       |     5 |     2 |    10 |    14 ||    32
   Stab: Sleeping          |     1 |       |       |       |       |       |       |       |       ||     1
         Distracted        |       |       |       |       |     4 |       |       |     1 |       ||     5
         Petrified         |       |       |       |       |       |     2 |       |       |       ||     2
 Armour: Animal skin       |    11 |       |       |       |       |       |       |       |       ||    11
         Leather armour    |    12 |       |       |       |       |       |       |       |       ||    12
         Ring mail         |    33 |   102 |    13 |       |       |       |       |       |       ||   148
         Scale mail        |       |       |   164 |       |    71 |       |       |       |       ||   235
         Chain mail        |       |       |    48 |     1 |   167 |       |       |       |       ||   216
         Plate armour      |       |       |       |   303 |   630 |   482 |   531 |   962 |   824 ||  3732
         Skin              |       |       |       |       |       |       |       |       |   151 ||   151
  Dodge: Dodged            |    73 |   108 |   138 |   121 |   329 |   105 |   157 |   333 |   351 ||  1715
  Block: Tower shield      |       |       |       |       |   375 |  1231 |  1355 |  2002 |  1984 ||  6947
         Reflection        |       |       |       |       |       |   176 |   140 |    96 |    10 ||   422

Table legend: (Time is in decaauts)
 A = Elapsed time spent in this place.
 B = Non-inter-level travel time spent in this place.
 C = Inter-level travel time spent in this place.
 D = Time resting spent in this place.
 E = Time spent auto-exploring this place.
 F = Levels seen in this place.
 G = Mean time per level.
                   A        B        C        D        E       F      G
               +--------+--------+--------+--------+--------+-----+--------+
         Total |  91090 |  82849 |   8241 |  21770 |  43104 |  59 | 1543.9 |
       Dungeon |  19743 |  17292 |   2451 |   2675 |  11074 |  15 | 1316.2 |
        Temple |     23 |      3 |     20 |      0 |      0 |   1 |   23.0 |
          Lair |   7596 |   7018 |    578 |   1094 |   4838 |   5 | 1519.2 |
        Shoals |   7392 |   7047 |    345 |   1800 |   4008 |   4 | 1848.0 |
     Snake Pit |   5617 |   5451 |    166 |   1506 |   2975 |   4 | 1404.2 |
  Orcish Mines |   2094 |   1880 |    214 |    604 |    940 |   2 | 1047.0 |
   Elven Halls |   4891 |   4691 |    200 |    982 |   2664 |   3 | 1630.3 |
        Vaults |  18090 |  16175 |   1915 |   5436 |   7652 |   5 | 3618.0 |
         Crypt |   4886 |   4302 |    584 |    750 |   2853 |   3 | 1628.7 |
          Tomb |   6150 |   5273 |    877 |   3000 |    283 |   3 | 2050.0 |
        Depths |   7288 |   6530 |    758 |   2118 |   3410 |   4 | 1822.0 |
          Hell |    101 |    100 |      1 |      0 |      1 |   1 |  101.0 |
           Zot |   3364 |   3238 |    126 |    706 |   1662 |   2 | 1682.0 |
         Abyss |    515 |    515 |      0 |    169 |      0 |   2 |  257.5 |
        Bazaar |    143 |    143 |      0 |      0 |    110 |   1 |  143.0 |
         Sewer |    477 |    477 |      0 |    182 |     29 |   1 |  477.0 |
        Bailey |   1128 |   1128 |      0 |    510 |    114 |   1 | 1128.0 |
      Ice Cave |   1331 |   1331 |      0 |    203 |    490 |   1 | 1331.0 |
      Gauntlet |    253 |    253 |      0 |     30 |      0 |   1 |  253.0 |
               +--------+--------+--------+--------+--------+-----+--------+

Top non-repeatable levels by time:
Vaults:4: 6713 daAuts
  Tomb:1: 4551 daAuts
    D:11: 3472 daAuts
Vaults:1: 3323 daAuts
Shoals:3: 2990 daAuts
Vaults:3: 2818 daAuts
Vaults:5: 2783 daAuts
   Zot:1: 2540 daAuts
Vaults:2: 2451 daAuts
Depths:1: 2280 daAuts
 Crypt:3: 2258 daAuts
  Lair:5: 2230 daAuts
 Snake:4: 1930 daAuts
 Snake:3: 1876 daAuts
Depths:3: 1780 daAuts
